 Dungeon Crawl Stone Soup version 0.19-a0-975-gfff5315 (webtiles) character file.

763 Liquid the Ruffian (level 7, -1/43 (44) HPs)
             Began as a Demonspawn Chaos Knight on July 13, 2016.
             Killed by nerve-wracking pain
             ... invoked by Grinder
              (13 damage)
             ... on level 5 of the Dungeon.
             The game lasted 00:14:06 (4247 turns).

Liquid the Ruffian (Demonspawn Chaos Knight)        Turns: 4247, Time: 00:14:07

HP:   -1/43 (44)    AC: 13    Str: 14    XL:     7   Next: 51%
MP:   7/7           EV:  7    Int: 13    God:    Xom [..*...]
Gold: 213           SH:  0    Dex: 13    Spells: 0 memorised, 6 levels left

rFire  + + .     SeeInvis .     p - +1 short sword (speed)
rCold  . . .     Gourm    .     d - +0 plate armour
rNeg   . . .     Faith    .     (no shield)
rPois  .         Spirit   .     v - +0 helmet
rElec  .         Dismiss  .     (no cloak)
rCorr  .         Reflect  .     (no gloves)
SustAt .         Harm     .     (no boots)
MR     .....                    (no amulet)
Stlth  ..........               (no ring)
                                w - ring of protection from fire

@: not resistant to hostile enchantments, extremely unstealthy
A: talons 1, blurry vision 2, demonic guardian 1, fire resistance 1, frail 2,
sense surroundings 1, sturdy frame 2
a: Renounce Religion


You were on level 5 of the Dungeon.
You worshipped Xom.
You were a toy of Xom.
You were not hungry.

You visited 1 branch of the dungeon, and saw 5 of its levels.

You collected 213 gold pieces.

Inventory:

Hand Weapons
 c - a +1 dagger of speed
 p - a +1 short sword of speed (weapon)
Missiles
 s - 4 javelins (quivered)
Armour
 a - a +2 leather armour
 d - a +0 plate armour (worn)
 v - a +0 helmet (worn)
Jewellery
 w - a ring of protection from fire (left hand)
Scrolls
 f - a scroll of magic mapping
 g - 4 scrolls of remove curse
 i - a scroll of immolation {unknown}
 j - a scroll of enchant armour {unknown}
 n - a scroll of recharging {unknown}
 u - a scroll of enchant weapon {unknown}
Potions
 h - a potion of agility
 m - a potion of haste
 o - a potion of heal wounds
 r - a potion of curing
 x - a potion of might
Comestibles
 b - 4 bread rations
 k - 2 beef jerkies


   Skills:
 + Level 4.6 Fighting
 + Level 4.4 Armour
 + Level 2.5 Dodging
 * Level 5.6 Unarmed Combat


You had 6 spell levels left.
You didn't know any spells.

Dungeon Overview and Level Annotations

Branches:
Dungeon (5/15)
 Temple: D:4-7

Altars:
Makhleb
Nemelex Xobeh
Okawaru
Ru

Annotations:
D:5 Grinder


Innate Abilities, Weirdness & Mutations

You have sharp toenails.
A weak demonic guardian rushes to your aid.
Your flesh is heat resistant. (rF+)
Your movements are less encumbered by armour. (ER -4)
Scrolls take you longer to read.
You are very frail. (-20% HP)
You passively map a small area around you.


Message History

The hound closely misses you.
Grinder comes into view.
You closely miss the hound.
The hound is almost dead.
The hound bites you but does no damage.
You barely miss the hound.
The hound is almost dead.
The hound closely misses you. Grinder gestures at you.
Pain shoots through your body!
* * * LOW HITPOINT WARNING * * *
The hound bites you but does no damage.
Your plate armour prevents you from hitting the hound.
The hound is almost dead.
Your iron imp disappears in a puff of smoke!
The hound bites you but does no damage. Grinder gestures at you.
Pain shoots through your body!
You die...
Xom bursts into laughter!

*#........** ##........** ****
#.........,* *,,,
#.........,*****,,,
*########.........,,,,,,,,,
******........(^.......,****,,,,
*,,,,*,#####...........,* ****,
*,,,,,,* ##.##ยง.......** *,
*,,,,*** ##....@#####.#* *,
*,,,,* **#.5#.#.h.....# *,
*,,,,**#...##.###.###.# *,
**,,,#.....*..# *.# *,* **
***.........##**,#**,**********
*.#.....#***,*,,,,,,,,,,*,,,*
*****.......*,,,,*,*****,,,,,,,,,
,,,,,.......,,***,,,,,,,,,,,,,,,,
*****.......****,,,,,,,,,,,,,,,,,


You could see Grinder and a hound.

Vanquished Creatures
  2 ogres (D:4)
  A centaur (D:5)
  2 scorpions (D:4)
  An orc priest (D:3)
  An orc wizard (D:3)
  A centaur skeleton (D:4)
  A worker ant (D:4)
  10 adders
  3 oozes
  An adder skeleton (D:4)
  2 worms (D:2)
  3 giant geckos
  5 orcs
  4 ball pythons
  A giant cockroach (D:3)
  5 goblins
  8 hobgoblins
  11 jackals (D:2)
  2 quokkas
  7 bats
  A giant gecko skeleton (D:4)
  12 giant newts
  A jackal skeleton (D:4)
  9 kobolds
  10 rats
104 creatures vanquished.

Vanquished Creatures (collateral kills)
  A water moccasin (D:4)
  A necrophage (D:4)
  An ogre (D:4)
  A worker ant (D:4)
4 creatures vanquished.

Grand Total: 108 creatures vanquished

Notes
Turn   | Place    | Note
-------+----------+-------------------------------------------
     0 | D:1      | Liquid the Demonspawn Chaos Knight began the quest for the Orb.
     0 | D:1      | Reached XP level 1. HP: 18/18 MP: 1/1
     3 | D:1      | Noticed an electric eel
     3 | D:1      | Noticed an electric eel
    18 | D:1      | Reached skill level 1 in Dodging
    93 | D:1      | XOM: divination: magic mapping
   136 | D:1      | XOM is BORED!
   136 | D:1      | XOM: noise
   209 | D:1      | Gained mutation: A weak demonic guardian rushes to your aid. [demonic ancestry]
   209 | D:1      | Reached XP level 2. HP: 17/24 MP: 2/2
   341 | D:1      | Reached skill level 3 in Unarmed Combat
   597 | D:2      | Found a burning altar of Makhleb.
   652 | D:2      | XOM: summons friendly crimson imp
   654 | D:2      | Found a sparkling altar of Nemelex Xobeh.
   673 | D:2      | Reached XP level 3. HP: 17/29 MP: 3/3
   930 | D:2      | XOM: harmless Chrm miscast
   989 | D:2      | XOM: silly message
  1068 | D:2      | XOM: divination: detect creatures
  1124 | D:2      | Gained mutation: Your flesh is heat resistant. (rF+) [demonic ancestry]
  1124 | D:2      | Reached XP level 4. HP: 22/35 MP: 4/4
  1143 | D:2      | Found a sacrificial altar of Ru.
  1510 | D:3      | Found an iron altar of Okawaru.
  1528 | D:3      | Gained mutation: Your movements are slightly less encumbered by armour. (ER -2) [demonic ancestry]
  1528 | D:3      | Reached XP level 5. HP: 36/41 MP: 5/5
  1554 | D:3      | Reached skill level 4 in Unarmed Combat
  1849 | D:3      | XOM: harmless Tmut miscast
  2147 | D:3      | Found a faded altar of an unknown god.
  2327 | D:4      | XOM: divination: detect items
  2382 | D:4      | XOM: potion effect (invisibility)
  2475 | D:4      | Gained mutation: You have sharp toenails. [demonic ancestry]
  2475 | D:4      | Reached XP level 6. HP: 41/48 MP: 6/6
  2630 | D:4      | XOM: harmless Tloc miscast
  2750 | D:4      | XOM: polymorph ufetubus -> white imp
  2813 | D:4      | Reached skill level 5 in Unarmed Combat
  2827 | D:4      | XOM: give mutations
  2827 | D:4      | Gained mutation: You are clumsy. (Dex -2) [Xom's mischief]
  2827 | D:4      | Lost mutation: You are clumsy. (Dex -2) [Xom's mischief]
  2827 | D:4      | Gained mutation: You are frail. (-10% HP) [Xom's mischief]
  2889 | D:4      | XOM: medium Necr miscast
  2890 | D:4      | Noticed a shadow
  2890 | D:4      | Noticed a shadow
  3203 | D:5      | Entered Level 5 of the Dungeon
  3333 | D:4      | XOM: give mutations
  3333 | D:4      | Gained mutation: Scrolls take you a little longer to read. [Xom's mischief]
  3333 | D:4      | Gained mutation: You are very frail. (-20% HP) [Xom's mischief]
  3333 | D:4      | Gained mutation: Scrolls take you longer to read. [Xom's mischief]
  3333 | D:4      | Gained mutation: You passively map a small area around you. [Xom's mischief]
  3462 | D:4      | XOM: harmless Tloc miscast
  3625 | D:4      | Gained mutation: Your movements are less encumbered by armour. (ER -4) [demonic ancestry]
  3625 | D:4      | Reached XP level 7. HP: 40/43 MP: 7/7
  3876 | D:4      | XOM: chaos cloud
  4245 | D:5      | Noticed Grinder
  4247 | D:5      | Killed from afar by Grinder

Vault maps used:
D:1:      arrival_aquarium_b, st_stairs_6
D:2:      old_standard_altar, nicolae_overflow_hidden_temple,
          nicolae_ru_awakened_eye, minmay_heptomino_w4
D:3:      okawaru_trees_2, ecumenical_altar_2
D:5:      first_bread, kennysheep_nondescript, minmay_misc_feat_encased,
          uniq_grinder

Skill      XL: |  1  2  3  4  5  6 |
---------------+-------------------+-----
Dodging        | 1 2 |  2.5
Armour         | 2 3 4 |  4.4
Unarmed Combat | 3 4 5 |  5.6
Fighting       | 4 |  4.6

Action                   |  1- 3 |  4- 6 |  7- 9 || total
-------------------------+-------+-------+-------++-------
Melee: Unarmed           |   187 |       |       ||   187
       Punch             |     4 |     6 |       ||    10
       Short sword       |    13 |   338 |    54 ||   405
       Kick              |       |    31 |    12 ||    43
  Use: Scroll            |       |     3 |     5 ||     8
       Potion            |       |     1 |       ||     1
 Stab: Distracted        |     1 |       |       ||     1
  Eat: Chunk             |     1 |     6 |     3 ||    10
       Beef jerky        |       |     1 |       ||     1
Armor: Leather armour    |    86 |    43 |       ||   129
       Plate armour      |       |   110 |    46 ||   156
Dodge: Dodged            |   134 |   105 |    21 ||   260
